AoeStats
← Long John Silver

African Clearing

506932354Analyzed
4v4 RM · 17d ago on Sep 15, 2026· 18m 38s· 8 players
Game mode
Random Map
Map size
Large (8 player)
Population
200
Speed
Normal
Resources
Standard
Victory
Conquest
Starting age
Dark Age
Ending age
Imperial Age
RankedLock teamsTeams togetherTeam positionsShared explorationLock speedFull tech treeHidden civsTurbo modeCheats
Victory
Defeat
🇨🇳 Huns · China
1650
+14
🇨🇳 Shu · China
1599
+16
🇨🇳 Persians · China
1571
+17
🇯🇵 Spanish · Japan
1546
+18
🇨🇳 Franks · China
1654
-18
🇨🇱 Sicilians · Chile
1643
-17
🇯🇴 Goths · Jordan
1629
-18
🇩🇪 Turks · Germany
1482
-12
nanakusa
9:15 Loom
11:37 Feudal Age
12:10 Double-Bit Axe
14:03 Town Watch
Bz_青红
9:16 Loom
11:27 Feudal Age
14:25 Forging
15:01 Scale Barding Armor
16:39 Double-Bit Axe
ty
5:41 Loom
11:56 Feudal Age
11:55 Man-at-Arms
12:48 Double-Bit Axe
超级硬邦邦
8:16 Loom
12:12 Feudal Age
13:13 Double-Bit Axe
16:32 Fletching
Marlin
10:25 Loom
10:34 Loom
13:26 Feudal Age
15:09 Man-at-Arms
HR Fast_PIG
13:27 Feudal Age
17:37 Castle Age
17:33 Forging
17:28 Double-Bit Axe
CAPTAINKILL
3:24 Loom
4:07 Loom
15:25 Feudal Age
15:29 Man-at-Arms
15:56 Double-Bit Axe
17:30 Horse Collar
18:04 Forging
17:55 Scale Mail Armor
Long John Silver
11:35 Feudal Age
11:36 Loom
12:01 Loom
12:24 Double-Bit Axe
12:20 Horse Collar
Connection lost

Rejoining the realm…

Still unreachable

The connection could not be restored.

Session expired

The server has moved on; the page needs a fresh start.